 Dungeon Crawl Stone Soup version 0.30.1-9-gdf580d7c3d (webtiles) character file.

Game seed: 10806884656728725764

2225 lonewolfV2 the Spear-Bearer (level 9, -2/108 HPs)
             Began as a Merfolk Fighter on Oct 22, 2023.
             Slain by Joseph
             ... wielding a +0 quarterstaff
              (17 damage)
             ... on level 7 of the Dungeon.
             The game lasted 00:18:14 (6858 turns).

lonewolfV2 the Spear-Bearer (Merfolk Fighter)       Turns: 6858, Time: 00:18:14

Health: -2/108     AC:  9    Str: 27    XL:     9   Next: 35%
Magic:  9/9        EV:  8    Int:  7    God:
Gold:   278        SH:  6    Dex: 13    Spells: 8/8 levels left

rFire   . . .        a - +1 trident
rCold   . . .        c - +1 buckler
rNeg    . . .        r - +0 chain mail
rPois   .            (no helmet)
rElec   .            (no cloak)
rCorr   .            (no gloves)
SInv    .            (no boots)
Will    .....        q - amulet of regeneration Stlth
                     o - +6 ring of strength
HPRegen 1.18/turn    d - ring of wizardry
MPRegen 0.11/turn

%: wizardry (x1)
@: mighty, berserking (expiring), very quick
A: (nimble swimmer 2), mertail
a: no special abilities


You were on level 7 of the Dungeon.
You visited 2 branches of the dungeon, and saw 8 of its levels.

You collected 278 gold pieces.

Inventory:

Hand Weapons
 a - a +1 trident (weapon)
Missiles
 t - a throwing net (quivered)
Armour
 c - a +1 buckler (worn)
 r - a +0 chain mail (worn)
Jewellery
 d - a ring of wizardry (right hand)
 i - an amulet of the acrobat
 m - an amulet of guardian spirit
 o - a +6 ring of strength (left hand)
 q - an amulet of regeneration (around neck)
Wands
 f - a wand of flame (16)
 v - a wand of digging (5)
Scrolls
 b - 3 scrolls of identify
 g - 2 scrolls of magic mapping
 l - a scroll of enchant armour
 x - a scroll of immolation {unknown}
Potions
 e - 2 potions of mutation
 h - a potion of attraction
 k - 2 potions of lignification
 p - 4 potions of magic
 s - a potion of brilliance
 w - a potion of degeneration


   Skills:
 + Level 7.4 Fighting
 + Level 8.3 Polearms
 + Level 5.1 Armour
 + Level 6.7 Shields


You had 8 spell levels left.
You didn't know any spells.
Your spell library contained the following spells:

 Spells                   Type           Power      Damage    Failure   Level
 Sting                    Tmut/Pois      0%         1d3       65%         1
 Summon Small Mammal      Summ           0%         N/A       65%         1
 Cigotuvi's Dreadful Rot  Necr/Pois/Air  0%         N/A       78%         2
 Poisonous Vapours        Pois/Air       0%         N/A       78%         2
 Call Canine Familiar     Summ           0%         N/A       94%         3
 Frozen Ramparts          Ice            0%         1d1       94%         3
 Gell's Gravitas          Tloc           0%         N/A       94%         3
 Ignite Poison            Fire/Tmut/Pois 0%         N/A       94%         3
 Summon Guardian Golem    Hex/Summ       0%         N/A       94%         3
 Teleport Other           Tloc           0%         N/A       94%         3
 Tukima's Dance           Hex            0%         N/A       94%         3
 Ice Form                 Ice/Tmut       0%         N/A       100%        4
 Olgreb's Toxic Radiance  Pois           0%         N/A       100%        4
 Passage of Golubria      Tloc           0%         N/A       100%        4
 Petrify                  Tmut/Erth      0%         N/A       100%        4
 Summon Ice Beast         Ice/Summ       0%         N/A       100%        4
 Freezing Cloud           Conj/Ice/Air   0%         6-21      100%        5
 Metabolic Englaciation   Hex/Ice        0%         N/A       100%        5
 Yara's Violent Unravell  Hex/Tmut       0%         3d3       100%        5
 Dispersal                Tloc           0%         N/A       100%        6
 Statue Form              Tmut/Erth      0%         N/A       100%        6


Dungeon Overview and Level Annotations

Branches:
Dungeon (7/15)             Temple (1/1) D:7

Altars:
Cheibriados
Elyvilon
Fedhas
Gozag
Nemelex Xobeh
Qazlal
Ru
Sif Muna
Trog
Wu Jian
Xom
Yredelemnul
Zin

Shops:
D:2 [   D:5 [

Annotations:
D:4 1 runed translucent door, Psyclone's ghost, novice DECj
D:7 Joseph


Innate Abilities, Weirdness & Mutations

((You are very nimble when in or above water. (Stealth+, EV+, Speed+++)))
Your lower body shifts to a powerful aquatic tail in water.


Message History

The water moccasin bites you.
* * * LOW HITPOINT WARNING * * *
You barely miss the water moccasin.
The water moccasin is severely wounded.
You block the water moccasin's attack.
You puncture the water moccasin!
The water moccasin is almost dead.
The water moccasin bites you but does no damage.
You impale the water moccasin!!
You kill the water moccasin!
You closely miss the iguana. You puncture the iguana!
The iguana is severely wounded.
The iguana bites you.
* * * LOW HITPOINT WARNING * * *
You puncture the iguana!
You kill the iguana!
Joseph unwields a +0 sling.
Joseph wields a +0 quarterstaff.
You block Joseph's attack.
Things that are here:
a +0 falchion; a +0 scale mail; an iguana corpse You barely miss Joseph.
The orc priest barely misses you.
You closely miss Joseph. You block Joseph's attack.
You barely miss Joseph.
The orc priest calls down the wrath of Beogh upon you.
You struggle to resist.
Joseph hits you but does no damage.
You puncture Joseph!
Joseph is lightly wounded.
The orc priest looks braver for a moment.
You puncture Joseph!
Joseph is moderately wounded.
Joseph hits you with a +0 quarterstaff.
* * * LOW HITPOINT WARNING * * *
You hit Joseph.
Joseph is moderately wounded.
You block the orc priest's attack.
You puncture Joseph!
Joseph is heavily wounded.
Joseph hits you with a +0 quarterstaff!
You die...

#.......'..>..'....
....#...#.⌠.⌠.#....
..###...#.....# ...
.. ##..###'###....
##..##..........
##...###...#.....
...#...##.## .#..
#.......#.# #
#....@@#### ##
#..#.#o.))##...#
#.. ###.##....# #.
#...##....... ..
###.. ....### ##
......#.#
.....#.#.#
.....##o#$ .....#
#[)


You could see Joseph and an orc priest.

Vanquished Creatures
  3 water moccasins (D:7)
  2 ice beasts (D:6)
  A sky beast (D:5)
  A black bear (D:6)
  2 ogres
  3 centaurs
  A kobold brigand (D:6)
  A scorpion (D:5)
  A bullfrog (D:5)
  6 wights
  A killer bee (D:7)
  3 hounds
  2 sleepcaps
  3 iguanas
  6 orc wizards
  7 adders
  An ufetubus (D:6)
  2 worms (D:2)
  A dart slug (D:2)
  21 orcs
  6 bats
  6 endoplasms
  5 giant cockroaches
  11 goblins
  10 hobgoblins
  5 jackals
  3 quokkas
  7 ball pythons
  4 frilled lizards
  15 kobolds
  12 rats
152 creatures vanquished.

Notes
Turn   | Place    | Note
-------+----------+-------------------------------------------
     0 | D:1      | lonewolfV2 the Merfolk Fighter began the quest for the Orb.
     0 | D:1      | Reached XP level 1. HP: 18/18 MP: 1/1
     7 | D:1      | Noticed a komodo dragon
     7 | D:1      | Noticed a scorpion
     7 | D:1      | Noticed a polar bear
     8 | D:1      | Noticed a water moccasin
     8 | D:1      | Noticed a wolf
   146 | D:1      | Reached XP level 2. HP: 20/24 MP: 2/2
   158 | D:1      | Reached skill level 3 in Polearms
   471 | D:1      | Reached XP level 3. HP: 24/30 MP: 3/3
   731 | D:2      | Found Cotu's Armour Boutique.
  1012 | D:2      | Reached XP level 4. HP: 31/37 MP: 4/4
  1816 | D:3      | Found a snail-covered altar of Cheibriados.
  1829 | D:3      | Reached XP level 5. HP: 41/42 MP: 5/5
  1869 | D:3      | Found an ornate altar of the Wu Jian Council.
  2111 | D:4      | Reached skill level 4 in Polearms
  2306 | D:4      | Found a runed translucent door.
  2306 | D:4      | Noticed Psyclone's ghost (novice DECj)
  2408 | D:4      | Found a sacrificial altar of Ru.
  2476 | D:4      | Noticed an ogre
  2481 | D:4      | Killed an ogre
  2482 | D:4      | Reached XP level 6. HP: 17/49 MP: 6/6
  2962 | D:4      | Found a bloodstained altar of Trog.
  3166 | D:5      | Entered Level 5 of the Dungeon
  3216 | D:5      | Reached skill level 5 in Polearms
  3268 | D:5      | Reached skill level 5 in Fighting
  3349 | D:5      | Reached XP level 7. HP: 29/56 MP: 7/7
  3884 | D:5      | Found a stormy altar of Qazlal.
  3956 | D:5      | Found Fizisabi's Armour Boutique.
  4023 | D:5      | Found an opulent altar of Gozag.
  4400 | D:5      | Reached skill level 5 in Shields
  4580 | D:6      | Reached skill level 6 in Polearms
  4904 | D:6      | Reached XP level 8. HP: 64/64 MP: 8/8
  5208 | D:6      | Reached skill level 7 in Polearms
  6304 | D:7      | Found a white marble altar of Elyvilon.
  6328 | D:6      | Reached XP level 9. HP: 18/72 MP: 9/9
  6608 | D:7      | Reached skill level 8 in Polearms
  6626 | D:7      | Reached skill level 5 in Armour
  6706 | D:7      | Found a staircase to the Ecumenical Temple.
  6715 | Temple   | Entered the Ecumenical Temple
  6817 | D:7      | Noticed Joseph
  6858 | D:7      | Slain by Joseph

Illustrated notes

Levels and vault maps discovered:
D:1:      onia_arrival_zoo_common, layout_basic, minmay_tetromino_s4
D:2:      layout_loops_cross, serial_shops, shop, serial_bayou_pond_e
D:3:      cheibrodos_helix_gallery, layout_basic, nicolae_overflow_squiral,
          glass_columns_a
D:4:      layout_basic, nicolae_ru_the_path_less_chosen, trog_hazing_becter,
          gammafunk_ghost_grave
D:5:      layout_loops_corners, grunt_gozag_statues,
          nicolae_qazlal_beasts_of_the_sky, serial_shops, shop,
          minmay_misc_feat_nine_boxes
D:6:      layout_loops_corners
D:7:      layout_cave_pools, lemuel_crystal_altar, minmay_temple_entry_hall,
          minmay_circle_x, uniq_joseph, uniq_pikel
Temple:   nicolae_temple_ecumenical_triangle

Skill      XL: |  1  2  3  4  5  6  7  8  9 |
---------------+----------------------------+-----
Polearms       | 3 4 5 6 7 8 |  8.3
Fighting       | 4 5 7 |  7.4
Armour         | 3 4 5 |  5.1
Shields        | 4 5 6 |  6.7

Action                     |  1- 3 |  4- 6 |  7- 9 || total
---------------------------+-------+-------+-------++-------
  Melee: Trident           |   159 |   226 |   253 ||   638
    Use: Scroll            |     4 |    12 |     3 ||    19
         Potion            |       |       |    10 ||    10
 Armour: Scale mail        |    87 |    40 |       ||   127
         Chain mail        |       |    29 |   114 ||   143
  Dodge: Dodged            |    62 |    90 |    87 ||   239
  Block: Buckler           |    47 |    53 |    85 ||   185
